 Dungeon Crawl Stone Soup version 0.21-a0-591-g2314aa1 (webtiles) character file.

9 Amnesiac the Vexing (level 2, 0/28 HPs)
             Began as an Ogre Arcane Marksman on Dec 22, 2017.
             Slain by a kobold
             ... wielding a +0 short sword
              (1 damage)
             ... on level 1 of the Dungeon.
             The game lasted 00:00:52 (216 turns).

Amnesiac the Vexing (Ogre Arcane Marksman)           Turns: 216, Time: 00:00:53

Health: 0/28       AC:  3    Str: 13    XL:     2   Next: 16%
Magic:  1/3        EV: 10    Int: 14    God:
Gold:   18         SH:  0    Dex:  9    Spells: 2/3 levels left

rFire    . . .     SeeInvis .   (no weapon)
rCold    . . .     Gourm    .   (no shield)
rNeg     . . .     Faith    .   a - +0 robe
rPois    .         Spirit   .   (helmet restricted)
rElec    .         Reflect  .   (no cloak)
rCorr    .         Harm     .   (gloves unavailable)
MR       .....                  (boots unavailable)
Stlth    +.........             (no amulet)
HPRegen  0.09/turn              (no ring)
MPRegen  0.08/turn              (no ring)

@: no status effects
A: large, unfitting armour, tough skin 1
a: no special abilities


You were on level 1 of the Dungeon.
You were not hungry.

You visited 1 branch of the dungeon, and saw 1 of its levels.

You collected 18 gold pieces.

Inventory:

Armour
 a - a +0 robe (worn)
Potions
 e - a potion of flight {!q, unknown}
Books
 b - a book of Debilitation

   Spells                             Type                      Level
   a - Corona                         Hexes                        1
   b - Slow                           Hexes                        2
   c - Inner Flame                    Hexes/Fire                   3
   d - Portal Projectile              Hexes/Translocation          3
   e - Cause Fear                     Hexes                        4
   f - Leda's Liquefaction            Hexes/Earth                  4
Comestibles
 d - 4 chunks of flesh
 f - 3 rations


   Skills:
 + Level 2.0 Fighting
 * Level 2.5 Throwing
 - Level 1.7 Dodging
 - Level 1.2 Spellcasting
 - Level 2.6 Hexes


You had 2 spell levels left.
You knew the following spells:

 Your Spells              Type           Power        Failure   Level  Hunger
a - Corona                Hex            #......      9%          1    ##.....


Dungeon Overview and Level Annotations

Branches:
Dungeon (1/15)

Altars:


Innate Abilities, Weirdness & Mutations

You are too large for most types of armour.
You have tough skin. (AC +1)


Message History

c - 3 large rocks (gained 1)
A kobold comes into view. It is wielding a short sword.
The kobold shouts!
The kobold throws a stone.
The stone hits you but does no damage.
Found 9 gold pieces and a glowing dagger.
Things that are here:
a stone; a large rock Throwing (i - inventory):
c - 3 large rocks (quivered)
Press: ? - help, Shift-Dir - straight line, f - kobold
Aim: a kobold, wielding a short sword You throw a large rock.
The large rock barely misses the kobold.
The kobold throws a stone.
The stone hits you but does no damage.
The kobold throws a stone.
The stone hits you but does no damage.
A goblin comes into view. It is wielding a club.
There are monsters nearby!
Throwing (i - inventory):
c - 2 large rocks (quivered)
Press: ? - help, Shift-Dir - straight line, f/p - kobold
Aim: a kobold, wielding a short sword You throw a large rock.
The large rock misses the kobold.
The goblin shouts!
The kobold throws a stone.
The stone completely misses you.
The goblin moves out of view.
Throwing (i - inventory):
c - a large rock (quivered)
Press: ? - help, Shift-Dir - straight line, f/p - kobold
Aim: a kobold, wielding a short sword You throw a large rock.
The large rock hits the goblin!!
You kill the goblin!
The kobold hits you with a short sword.
You closely miss the kobold. The kobold hits you with a short sword.
You barely miss the kobold. The kobold hits you with a short sword.
You closely miss the kobold. The kobold hits you with a short sword.
* * * LOW HITPOINT WARNING * * *
You miss the kobold. The kobold hits you but does no damage.
You barely miss the kobold. The kobold hits you with a short sword.
* * * LOW HITPOINT WARNING * * *
You hit the kobold.
The kobold is moderately wounded.
The kobold hits you with a short sword.
* * * LOW HITPOINT WARNING * * *
Casting: Corona
Confirm with . or Enter, or press ? or * to list all spells.
Aiming: Corona
Press: ? - help, Shift-Dir - straight line, f - kobold
Aim: a kobold, wielding a short sword (moderately wounded, chance to defeat MR: 61%)
The kobold is outlined in light.
The kobold hits you with a short sword.
* * * LOW HITPOINT WARNING * * *
Casting: Corona
Confirm with . or Enter, or press ? or * to list all spells.
Aiming: Corona
Press: ? - help, Shift-Dir - straight line, f/p - kobold
Aim: a kobold, wielding a short sword (moderately wounded, softly glowing, chance to defeat MR: 61%)
The kobold glows brighter.
The kobold hits you but does no damage.
You barely miss the kobold.
The kobold is moderately wounded.
The kobold closely misses you.
You hit the kobold but do no damage.
The kobold is moderately wounded.
The kobold hits you with a short sword.
* * * LOW HITPOINT WARNING * * *
You hit the kobold but do no damage.
The kobold is moderately wounded.
The kobold hits you with a short sword.
You die...

### #### #......
........ ...###...[..
......# #..##......
.....# ##.##...... .
#.### #..........
#.#...####...#......
##(##.#.#.............).
..).(.K.#...............
##@.(.......#.#....
#......>#......#..##.#.
...#.?...###.#..........
#.###.....#...#.###..
#.#.....##..#...###.# #
#...........####...
........#.....##...
..............)....
........######.##.#


You could see a kobold.

Vanquished Creatures
  2 bats (D:1)
  2 goblins (D:1)
  A hobgoblin (D:1)
  A jackal (D:1)
  A frilled lizard (D:1)
  A kobold (D:1)
  A rat (D:1)
9 creatures vanquished.

Notes
Turn   | Place    | Note
-------+----------+-------------------------------------------
     0 | D:1      | Amnesiac the Ogre Arcane Marksman began the quest for the Orb.
     0 | D:1      | Reached XP level 1. HP: 19/19 MP: 2/2
   160 | D:1      | Reached XP level 2. HP: 23/28 MP: 3/3
   215 | D:1      | HP: 1/28 [kobold/short sword (5)]
   216 | D:1      | Slain by a kobold

Vault maps used:
D:1:      saegor_arrival_simple_b, kennysheep_minor_cross, minmay_tromino_mix6

Skill      XL: |  1  2 |
---------------+-------+-----
Fighting       | 2 |  2.0
Throwing       | |  2.5
Dodging        | |  1.7
Spellcasting   | |  1.2
Hexes          | |  2.6

Action                   || total
-------------------------++-------
Melee: Unarmed           ||    32
Throw: Large rock        ||    14
       Throwing net      ||     2
 Cast: Corona            ||     3
Armor: Robe              ||    10
Dodge: Dodged            ||    26

Table legend:
 A = Spawn XP
 B = Non-spawn XP
 C = Spawn XP percentage of total XP
 D = Spawn monster count
 E = Non-spawn monster count
 F = Spawn count percentage of total count
 G = Total turns spent on level
                    A         B        C        D         E        F      G
               +---------+---------+-------+---------+---------+-------+---------
         Total |       0 |      14 |   0.0 |       0 |       9 |   0.0 |   216
               +---------+---------+-------+---------+---------+-------+---------
           D:1 |       0 |      14 |   0.0 |       0 |       9 |   0.0 |   216
               +---------+---------+-------+---------+---------+-------+---------
